 Dungeon Crawl Stone Soup version 0.29-a0-297-g7659ce593d (webtiles) character file.

Game seed: 7048818922784137909

6337 Gwenloh the Schismatic (level 10, -4/79 (85) HPs)
             Began as a Palentonga Abyssal Knight on Feb 23, 2022.
             Was an Elder of Lugonu.
             Slain by an orc warrior
             ... wielding a +2 halberd of electrocution
              (15 damage)
             ... in a bailey on Mar 20, 2022.
             The game lasted 00:27:27 (9080 turns).

Gwenloh the Schismatic (Palentonga Abyssal Knight)  Turns: 9080, Time: 00:27:28

HP:   -4/79 (85)    AC: 21    Str: 19    XL:     10   Next: 64%
MP:   16/16         EV: 12    Int: 11    God:    Lugonu [****..]
Gold: 254           SH:  0    Dex: 21    Spells: 9/9 levels left

rFire   . . .      SeeInvis +   a - +6 hand axe of the Volcano {vorpal, Fly Str+3 Stlth+}
rCold   . . .      Faith    .   (no shield)
rNeg    . . .      Spirit   .   k - +0 swamp dragon scales
rPois   +          Reflect  .   g - +0 helmet
rElec   .          Harm     .   S - +1 cloak {Will+}
rCorr   .          Rampage  .   M - +1 Delatra's gloves {ID++}
Will    +....                   (no barding)
Stlth   ++........              t - amulet of magic regeneration
HPRegen 0.23/turn               J - +6 ring of dexterity
MPRegen 0.55/turn               (no ring)

@: flying, drained, curled up
A: large, rugged brown scales 3, see invisible, deformed body, roll 1, armoured
tail, reflexive curl
a: Rolling Charge, Renounce Religion, Depart the Abyss, Bend Space, Banish,
Corrupt


You were in a bailey.
You worshipped Lugonu.
Lugonu was greatly pleased with you.
You visited 2 branches of the dungeon, and saw 10 of its levels.
You visited the Abyss 1 time.
You also visited: Bailey.

You collected 412 gold pieces.
You spent 158 gold pieces at shops.

Inventory:

Hand Weapons
 a - the +6 hand axe of the Volcano (weapon) {vorpal, Fly Str+3 Stlth+}
   (You found it on level 2 of the Dungeon)

   It inflicts extra damage upon your enemies.
   Str:       It affects your strength (+3).
   Fly:       It grants you flight.
   Stlth:     It makes you more stealthy.
 i - a +0 halberd of electrocution
 p - a +2 flail of protection
 O - a +3 battleaxe
 T - a +2 halberd of draining
Missiles
 e - 201 stones
 o - 2 boomerangs of dispersal
 r - 3 javelins
 z - 2 throwing nets
 A - 10 boomerangs
Armour
 g - a +0 helmet (worn)
 k - +0 swamp dragon scales (worn)
 x - a +2 chain mail of poison resistance
 M - the +1 Delatra's gloves (worn) {ID++}
   (You found it on level 7 of the Dungeon)

   It heals its wearer when they drink unknown potions.
   It restores its wearer's MP when they read unknown scrolls.
 S - a +1 cloak of willpower (worn)
Jewellery
 t - an amulet of magic regeneration (around neck)
 J - a +6 ring of dexterity (left hand)
 K - a ring of magical power
Wands
 F - a wand of polymorph (9)
 Q - a wand of flame (28)
 R - a wand of digging (6)
Scrolls
 h - a scroll of immolation {unknown}
 j - 3 scrolls of magic mapping
 l - a scroll of summoning {unknown}
 m - 2 scrolls of enchant armour
 n - 2 scrolls of teleportation {unknown}
 v - 11 scrolls of identify
 w - 2 scrolls of enchant weapon {unknown}
 y - 2 scrolls of acquirement {unknown}
 B - a scroll of fog {unknown}
 D - a scroll of amnesia {unknown}
 G - 2 scrolls of fear {unknown}
 I - a scroll of blinking {unknown}
 N - a scroll of holy word {unknown}
Potions
 b - 3 potions of lignification {unknown}
 c - 4 potions of ambrosia {unknown}
 d - 3 potions of invisibility {unknown}
 f - 2 potions of heal wounds
 q - 7 potions of curing
 s - 2 potions of attraction {unknown}
 u - a potion of berserk rage {unknown}
 C - a potion of might {unknown}
 E - 3 potions of resistance {unknown}
 H - a potion of flight {unknown}
 L - 3 potions of haste {unknown}
 P - a potion of brilliance {unknown}


   Skills:
 + Level 7.9 Fighting
 + Level 7.6 Axes
 + Level 6.2 Armour
 + Level 6.0 Dodging
 + Level 8.2 Invocations


You had 9 spell levels left.
You didn't know any spells.
Your spell library contained the following spells:

 Spells                   Type           Power      Damage    Failure   Level
 Sandblast                Erth           0%         2d4       50%         1
 Shock                    Conj/Air       0%         1d3       50%         1
 Corpse Rot               Necr/Air       0%         N/A       65%         2
 Ensorcelled Hibernation  Hex/Ice        0%         N/A       65%         2
 Passwall                 Tmut/Erth      0%         N/A       65%         2
 Poisonous Vapours        Pois/Air       0%         N/A       65%         2
 Sublimation of Blood     Necr           0%         N/A       65%         2
 Wereblood                Tmut           0%         N/A       65%         2
 Portal Projectile        Hex/Tloc       0%         N/A       86%         3
 Stone Arrow              Conj/Erth      0%         3d7       86%         3
 Swiftness                Air            0%         N/A       86%         3
 Airstrike                Air            0%         N/A       99%         4
 Blade Hands              Tmut           0%         N/A       100%        5
 Excruciating Wounds      Necr           0%         N/A       100%        5
 Summon Hydra             Summ           0%         N/A       100%        7


Dungeon Overview and Level Annotations

Branches:
Dungeon (9/15)             Temple (1/1) D:6            Lair (0/6) D:9
 Bailey (1/1)
    Orc: D:9-12

Altars:
Ashenzari
Cheibriados
Dithmenos
Elyvilon
Fedhas
Gozag
Hepliaklqana
Kikubaaqudgha
Makhleb
Nemelex Xobeh
Okawaru
Qazlal
Ru
Sif Muna
Trog
Uskayaw
Vehumet
Wu Jian
Xom
Yredelemnul
Zin
The Shining One

Shops:
D:3 ==   D:4 (   D:8 !

Annotations:
Abyss:1 Menkaure


Innate Abilities, Weirdness & Mutations

You are completely covered in rugged brown scales. (AC +3, +7% HP)
You have supernaturally acute eyesight. (SInv)
Armour fits poorly on your strangely shaped body.
You can roll at nearby foes to attack.
You have a long armoured tail.
You curl defensively after being hit. (AC +7*)


Message History

The orc closely misses you.
You hit the orc warrior but do no damage.
The orc warrior is severely wounded.
The orc barely misses you.
The orc warrior hits you with a +2 halberd of electrocution!
* * * LOW HITPOINT WARNING * * *
The orc completely misses you.
You hit the orc warrior but do no damage.
The orc warrior is severely wounded.
The orc misses you. The orc warrior barely misses you.
The orc closely misses you.
Roll where?
Press: ? - help, Dir - move target, p - orc warrior You can't see that place.
Okay, then.
Unknown command.
You feel much better. The orc barely misses you.
The orc warrior hits you with a +2 halberd of electrocution.
The orc barely misses you.
You closely miss the orc warrior.
The orc warrior is severely wounded.
The orc misses you.
The orc warrior hits you with a +2 halberd of electrocution!
The orc barely misses you.
You hit the orc warrior but do no damage.
The orc warrior is severely wounded.
The orc hits you from afar with a +0 halberd.
The orc warrior hits you with a +2 halberd of electrocution!
* * * LOW HITPOINT WARNING * * *
The orc hits you but does no damage.
You barely miss the orc warrior.
The orc warrior is severely wounded.
You hit the orc warrior but do no damage.
You tail-slap the orc warrior, but do no damage.
The orc warrior is severely wounded.
The orc hits you but does no damage.
The orc warrior hits you with a +2 halberd of electrocution!
* * * LOW HITPOINT WARNING * * *
You are electrocuted!
You die...

##### ### #.'.###.#
+##+##'###'##'##+
#!.!.!# ##...).#
###.!.o.#####.)..)###
#.'o.@.o'.#.'..⌠..')#
###.!.!.#####.)...###
#!.!.!# ##.....##
+##+##+###'##'##'##
#.#.###.###.# ### ###
##### ### #'#
#.###.###.#.###.###.#
##'##'##'###'##'##'##
##)....## ##÷....##


You could see an orc warrior and 2 orcs.

Vanquished Creatures
  Maurice (D:8)
  A hornet (D:9)
  A wyvern (D:7)
  6 yaks (D:8)
  Edmund (D:4)
  A water moccasin (D:5)
  2 orc warriors
  3 ice beasts
  3 sky beasts
  A necrophage (D:6)
  A black bear (D:5)
  2 centaurs
  2 ogres
  4 phantoms
  8 kobold brigands (D:8)
  2 bullfrogs (D:8)
  A gnoll sergeant (D:7)
  2 scorpions (D:6)
  A wyvern skeleton (D:5)
  6 killer bees (D:9)
  11 wights
  3 howler monkeys (D:8)
  2 bullfrog zombies
  6 hounds
  A gnoll shaman (D:7)
  3 orc priests
  2 iguanas (D:4)
  3 orc wizards
  A howler monkey zombie (D:6)
  3 adders
  19 gnolls
  2 white imps
  2 dart slugs (D:1)
  A worm (D:3)
  26 orcs
  7 bats
  13 endoplasms
  5 giant cockroaches
  9 goblins
  9 hobgoblins
  5 quokkas
  4 ball pythons
  4 frilled lizards
  15 kobolds
  5 rats (D:2)
210 creatures vanquished.

Vanquished Creatures (others)
  6 fungi (D:9)
  8 plants (D:9)
14 creatures vanquished.

Grand Total: 224 creatures vanquished

Notes
Turn   | Place    | Note
-------+----------+-------------------------------------------
     0 | Abyss:1  | Gwenloh the Palentonga Abyssal Knight began the quest for
                  | the Orb.
     0 | Abyss:1  | Reached XP level 1. HP: 19/19 MP: 2/2
    83 | Abyss:1  | Noticed an iron imp
    87 | Abyss:1  | Noticed a raiju
    89 | D:1      | Escaped the Abyss
   429 | D:1      | Reached skill level 1 in Dodging
   433 | D:1      | Reached XP level 2. HP: 25/25 MP: 3/3
   555 | D:1      | Reached * piety under Lugonu
   848 | D:1      | Reached XP level 3. HP: 31/31 MP: 4/4
  1166 | D:2      | Identified the +6 hand axe of the Volcano {vorpal, Fly
                  | Str+3 Stlth+}
  1198 | D:2      | Found a faded altar of an unknown god.
  1528 | D:2      | Reached ** piety under Lugonu
  1730 | D:3      | Reached XP level 4. HP: 37/37 MP: 6/6
  2048 | D:3      | Found Goiwkau's Jewellery Shop.
  2106 | D:3      | Reached skill level 3 in Invocations
  2291 | D:3      | Found Elet's Jewellery Emporium.
  2390 | D:4      | Noticed Menkaure
  2401 | D:3      | Reached XP level 5. HP: 34/44 MP: 7/7
  2525 | D:4      | Noticed Edmund
  2807 | D:4      | Killed Edmund
  2808 | D:4      | Reached XP level 6. HP: 46/51 MP: 8/8
  3021 | D:4      | Found a burning altar of Makhleb.
  3339 | D:3      | Reached *** piety under Lugonu
  3455 | D:4      | Banished Menkaure
  3456 | D:4      | Reached skill level 4 in Invocations
  3456 | D:4      | Gained mutation: You curl defensively after being hit. (AC
                  | +7*) [Palentonga growth]
  3456 | D:4      | Reached XP level 7. HP: 58/58 MP: 4/10
  3478 | D:4      | Found Masyij's Weapon Emporium.
  3486 | D:4      | Bought 5 boomerangs for 32 gold pieces
  3934 | D:5      | Entered Level 5 of the Dungeon
  4251 | D:5      | Reached skill level 5 in Fighting
  4251 | D:5      | Reached XP level 8. HP: 60/66 MP: 11/11
  4407 | D:5      | Reached skill level 5 in Invocations
  4750 | D:6      | Reached skill level 5 in Axes
  5005 | D:6      | Found a staircase to the Ecumenical Temple.
  5025 | Temple   | Entered the Ecumenical Temple
  5284 | D:6      | Reached skill level 6 in Invocations
  5285 | D:6      | Reached XP level 9. HP: 59/73 MP: 13/13
  5553 | D:6      | Upgraded the game from 0.29-a0-197-ge3fb4bd5a4 to
                  | 0.29-a0-297-g7659ce593d
  5666 | D:7      | Found the +1 Delatra's gloves {ID++}
  6179 | D:7      | Reached skill level 5 in Armour
  6931 | D:8      | Found Tugu's Distillery.
  6938 | D:8      | Reached skill level 5 in Dodging
  6945 | D:8      | Bought a potion of heal wounds for 70 gold pieces
  6945 | D:8      | Bought a potion of curing for 42 gold pieces
  6945 | D:8      | Bought a potion of degeneration for 14 gold pieces
  7011 | D:8      | Reached skill level 7 in Invocations
  7036 | D:8      | Reached **** piety under Lugonu
  7049 | D:8      | Noticed a kobold demonologist
  7055 | D:8      | Banished a kobold demonologist
  7056 | D:8      | Reached XP level 10. HP: 33/84 MP: 7/15
  7935 | D:8      | Noticed Maurice
  7945 | D:8      | Killed Maurice
  7946 | D:8      | Reached skill level 8 in Invocations
  8013 | D:8      | Found a sacrificial altar of Ru.
  8013 | D:8      | Found a glowing silver altar of Zin.
  8332 | D:9      | Identified the +1 scale mail "Neacweuf" {-Cast Harm rN+
                  | Str+3}
  8365 | D:9      | Found a flagged portal.
  8379 | Bailey   | Entered a bailey
  9080 | Bailey   | Slain by an orc warrior

Illustrated notes

Levels and vault maps discovered:
D:1:      elethiomel_arrival_infinity_welcomes_careful_drivers, layout_rooms,
          chequers_serial_rivers_small_3, moated_statue
D:2:      layout_rooms, ebering_ecumenical_altar_rust, serial_corexii_hall,
          corexii_hall_statues_u, chequers_hall_statues_y,
          kennysheep_nondescript, minmay_pentomino_r4
D:3:      layout_loops_ring, serial_shops, nicolae_shop_hallway_plus, shop
D:4:      layout_loops_ring, makhleb_heckhound_becter, serial_shops,
          nicolae_shop_bloodbath_and_beyond, uniq_menkaure, uniq_edmund
D:5:      layout_basic
D:6:      layout_cave_pools, minmay_temple_entry_wispy
D:7:      layout_basic
D:8:      layout_gridville, gammafunk_temple_overflow_statue, serial_shops,
          nicolae_square_shop, special_room [special_room_kobold],
          ebering_dispersal_statue_hall, uniq_maurice
D:9:      layout_loops_cross, grunt_lair_entry_orc_guard_hut, enter_bailey_3
Temple:   mainiacjoe_temple_bowtie_tessellation
Bailey:   bailey_polearm_nasty_gnolls, bailey

Skill      XL: |  1  2  3  4  5  6  7  8  9 10 |
---------------+-------------------------------+-----
Dodging        | 1 2 3 4 5 6 |  6.0
Armour         | 2 3 4 5 6 |  6.2
Invocations    | 3 4 6 7 8 |  8.2
Axes           | 3 4 5 6 7 |  7.6
Fighting       | 4 5 6 7 |  7.9

Action                   |  1- 3 |  4- 6 |  7- 9 | 10-12 || total
-------------------------+-------+-------+-------+-------++-------
Melee: Hand axe          |    95 |    95 |   208 |   148 ||   546
       Tailslap          |     8 |    14 |    32 |    26 ||    80
       Punch             |     1 |       |     3 |     2 ||     6
Throw: Stone             |     1 |     1 |       |       ||     2
       Javelin           |       |     2 |       |       ||     2
       Throwing net      |       |     1 |       |       ||     1
Invok: Depart the Abyss  |     1 |       |       |       ||     1
       Bend Space        |       |     3 |     3 |     5 ||    11
       Banish            |       |     1 |     2 |       ||     3
 Abil: Rolling Charge    |    35 |    27 |    46 |    33 ||   141
  Use: Potion            |       |       |     2 |     2 ||     4
       Scroll            |       |       |       |     3 ||     3
 Stab: Held in net/web   |       |     1 |       |       ||     1
       Distracted        |       |       |     1 |       ||     1
Armor: Leather armour    |    26 |       |       |       ||    26
       Swamp dragon scal |     6 |    29 |    67 |    57 ||   159
Dodge: Dodged            |    27 |    35 |    98 |    96 ||   256

Table legend: (Time is in decaauts)
 A = Elapsed time spent in this place.
 B = Non-inter-level travel time spent in this place.
 C = Inter-level travel time spent in this place.
 D = Time resting spent in this place.
 E = Time spent auto-exploring this place.
 F = Levels seen in this place.
 G = Mean time per level.
                   A        B        C        D        E       F      G
               +--------+--------+--------+--------+--------+-----+--------+
         Total |   9125 |   8838 |    287 |   1133 |   6160 |  12 |  760.4 |
       Dungeon |   8109 |   7852 |    257 |    861 |   5644 |   9 |  901.0 |
        Temple |    228 |    198 |     30 |      0 |    185 |   1 |  228.0 |
         Abyss |     89 |     89 |      0 |      0 |     82 |   1 |   89.0 |
        Bailey |    698 |    698 |      0 |    272 |    249 |   1 |  698.0 |
               +--------+--------+--------+--------+--------+-----+--------+

Top non-repeatable levels by time:
     D:8: 1254 daAuts
     D:3: 1232 daAuts
     D:7: 1218 daAuts
     D:1: 1094 daAuts
     D:4: 1021 daAuts
     D:5: 747 daAuts
  Bailey: 698 daAuts
     D:6: 673 daAuts
     D:2: 541 daAuts
     D:9: 326 daAuts
  Temple: 228 daAuts
 Abyss:1: 89 daAuts
